Unix xNetHack Version 8.0.0 - last build Dec 12 2023 02:29:49 (91f4f2a3cef525215d93041de673611803b6188e). Game began 2023-12-26 13:28:44, ended 2024-01-14 12:12:46. wvc, chaotic female elven Priestess --------- |.......| |.|.-.|.|.--- |^|...|.|...| -----.-----.|.|.| |..*........|.|.| ------------|.|.| |.|*..| |.|.--- |...| |.--- |.| ---.| |.Q.| |M--- |%| |.| Wvc the Adept St:11 Dx:12 Co:15 In:18 Wi:15 Ch:7 Chaotic S:5773 Dlvl:11 $:179 HP:0(45) Pw:54(111) AC:0 Xp:7/1266 T:4675 Stun Conf Latest messages: The vampire scratches you! The vampire bites! You avoid harm. You are beginning to feel hungry. You smack the vampire! The vampire scratches you! The vampire misses! You whack the vampire! The vampire scratches you! The vampire bites! In what direction? . You feel better. The vampire scratches you! The vampire misses! In what direction? . You feel better. The vampire scratches you! The vampire misses! In what direction? . You feel better. The vampire scratches you! The vampire bites! You destroy the vampire! I - 7 silver darts (at the ready) {7}. What do you want to eat? [efQ or ?*] ? Yak - dog food! You no longer feel hungry. You finish eating the tripe ration. You feel slightly confused. You destroy the kobold mummy! You can't seem to think straight. P - a blessed mummy wrapping {3}. You feel less confused now. You smack the ettin mummy! The ettin mummy scratches you! The ettin mummy scratches you! The ettin mummy knocks you backward with a forceful strike! You stagger... You feel incredibly sick. You smack the gas spore! The ettin mummy scratches you! The ettin mummy scratches you! The ettin mummy touches you! You kill the gas spore! Boom! You are caught in the gas spore's explosion! The ettin mummy scratches you! You die... Do you want your possessions identified? [ynq] (y) y Do you want to see your attributes? [ynq] (y) q Inventory: Inventory: 619/700 weight (44/52 slots) Coins ('$') $ - 179 gold pieces {2} Weapons (')') L - 14 +0 darts {14} D - 11 +0 gold darts {11} I - 7 +0 silver darts (at the ready) {7} y - a +0 aklys {15} a - a blessed +1 copper mace (weapon in hand) {31} Armor ('[') F - a blessed +3 dwarvish helm (being worn) {30} m - a +0 pair of silver dwarvish boots (being worn) {42} c - a +0 small shield (being worn) {23} P - a blessed +0 mummy wrapping {3} b - a +0 robe (being worn) {12} Comestibles ('%') e - an orange {2} f - a sprig of wolfsbane {1} Scrolls ('?') N - 2 scrolls of create monster {10} z - 2 blessed scrolls of destroy armor {10} k - a cursed scroll of enchant armor {5} g - a scroll of identify {5} A - a scroll of light {5} u - 2 scrolls of scare monster {10} Potions ('!') h - a potion of confusion {20} r - 2 potions of extra healing {40} S - a potion of full healing {20} o - a potion of hallucination {20} x - a blessed potion of invisibility {20} s - a potion of restore ability {20} l - a potion of speed {20} d - 4 potions of holy water {80} j - a potion of water {20} Wands ('/') M - a wand of digging (0:3) {7} v - a wand of sleep (0:4) {7} q - a wand of slow monster (0:2) {7} Tools ('(') Y - a leash {12} i - a magic marker (0:70) {2} X - a skeleton key {3} C - a blessed stone figurine of a zruty {50} V - 7 tallow candles {14} Gems/Stones ('*') w - an aquamarine stone {1} H - a sapphire {1} J - 3 worthless pieces of black glass {3} n - 6 worthless pieces of blue glass {6} B - 2 worthless pieces of orange glass {2} t - a worthless piece of red glass {1} G - 2 worthless pieces of violet glass {2} K - a worthless piece of white glass {1} E - 2 worthless pieces of yellow glass {2} Wvc the Priestess's attributes: Background: You were an Adept, a level 7 elven Priestess. You were chaotic, on a mission for Kos who was opposed by Issek (lawful) and Mog (neutral). You were heterosexual. You were in the Gnomish Mines, on level 11. You entered the dungeon 4675 turns ago. You had 1266 experience points, 14 more were needed to attain level 8. Your score was 5773 before end-of-game adjustments. Basics: You had 0 out of 45 hit points. You had 54 out of 111 energy points (spell power). Your armor class was 0. Your wallet contained 179 zorkmids. Autopickup was on for '$!"=?' plus thrown. Final Characteristics: Your strength was 11 (limit:18). Your dexterity was 12 (limit:18). Your constitution was 15 (limit:16). Your intelligence was 18 (limit:20). Your wisdom was 15 (limit:20). Your charisma was 7 (limit:18). Final Status: You were nauseated. You were stunned. You were confused. You were not hungry. You were unencumbered. You were wielding a mace. You had expert skill with mace. Final Attributes: You were piously aligned. You were sleep resistant. You had infravision. You were guarded. You are dead. Miscellaneous: You never encountered a bones level. Total elapsed playing time was 3 hours, 2 minutes and 33 seconds. Major events: Turn 1: wvc the chaotic elven Priestess entered the dungeon 757: attained the rank of Acolyte (level 3) 1112: entered the Gnomish Mines 1867: reached Mine Town 1955: attained the rank of Adept (level 6) 4675: killed by an ettin mummy Vanquished creatures: a vampire a leprechaun an ape 11 gnome leaders 2 gnomish wizards a kobold mummy 3 giant ants 16 dwarves 2 rothes a giant bat a dwarf zombie a wererat 2 iguanas 7 killer bees an acid blob a gas spore a hobbit 2 manes a giant rat a yellow mold 49 gnomes 2 garter snakes 3 geckos 3 jackals a kobold 5 goblins a bat 2 lichens 2 kobold zombies 3 newts 128 creatures vanquished. No species were genocided or became extinct. Voluntary challenges: You read items or engraved 1 time. You never genocided any monsters. You never polymorphed an object. You never changed form. You never touched an artifact. You used no wishes. You never scared an enemy with impunity. You were celibate. You never generated conflict. Achievements: You attained the rank of Acolyte. You entered the Gnomish Mines. You entered Minetown. You entered a shop. You entered a temple. You attained the rank of Adept. Dungeon overview: The Dungeons of Doom: levels 1 to 4 Level 1: An altar, some fountains. Level 2: A grave, a tree. Level 3: Stairs down to The Gnomish Mines. Level 4: The Gnomish Mines: levels 4 to 11 Level 4: Level 5: Level 6: Many shops, a temple to Kos, many fountains. Level 7: Level 8: Level 9: Level 10: Level 11: <- You were here. Final resting place for you, killed by an ettin mummy. Game over: __________ / \ / REST \ / IN \ / PEACE \ / \ | wvc | | 179 Au | | killed by an | | ettin mummy | | | | | | 2024 | *| * * * | * _________)/\\_//(\/(/\)/\//\/|_)_______ Goodbye wvc the Priestess... You died in The Gnomish Mines on dungeon level 11 with 5756 points, and 179 pieces of gold, after 4675 moves. You were level 7 with a maximum of 45 hit points when you died.